 Dungeon Crawl Stone Soup version 0.20.1-1-g8b1a95d (webtiles) character file.

3948 zezblit the Basher (level 10, -7/91 HPs)
             Began as a Naga Warper on Oct 25, 2017.
             Was an Elder of Cheibriados.
             Mangled by a hornet (12 damage)
             ... on level 8 of the Dungeon.
             The game lasted 01:56:37 (9332 turns).

zezblit the Basher (Naga Warper)                    Turns: 9332, Time: 01:56:37

Health: -7/91      AC:  6    Str: 29    XL:     10   Next: 21%
Magic:  13/13      EV: 11    Int: 22    God:    Cheibriados [****..]
Gold:   428        SH:  5    Dex: 19    Spells: 1/13 levels left

rFire    . . .     SeeInvis +   w - +4 flail (protect)
rCold    . . .     Gourm    .   k - +0 buckler
rNeg     . . .     Faith    .   y - +0 ring mail
rPois    +         Spirit   .   (no helmet)
rElec    .         Reflect  .   b - scarf {repulsion}
rCorr    .         Harm     .   (no gloves)
MR       +....                  (no barding)
Stlth    +++.......             r - amulet of regeneration
Regen    0.0/turn               l - ring of stealth
MPRegen  0.2/turn               h - ring of wizardry

@: starving, heavily drained, repel missiles, very slow
A: see invisible, deformed body, poison resistance, slowness 2, inhibited
regeneration, slow metabolism 1, spit poison 2, strong 1, subdued magic 1, AC +3
a: Breathe Poison Gas, Bend Time, Temporal Distortion, Slouch, Renounce Religion


You were on level 8 of the Dungeon.
You worshipped Cheibriados.
Cheibriados was greatly pleased with you.
You were starving.

You visited 2 branches of the dungeon, and saw 9 of its levels.

You collected 428 gold pieces.

Inventory:

Hand Weapons
 j - a +0 short sword of holy wrath
 u - a +0 hunting sling
 w - a +4 flail of protection (weapon)
 z - a +0 shortbow
 A - a +1 whip of flaming
 I - a +1 war axe of electrocution
Missiles
 e - 179 stones
 f - 2 poisoned tomahawks (quivered)
 m - 24 poisoned needles
 n - 44 bolts
 B - 69 arrows
 F - 6 silver tomahawks
 G - 2 tomahawks
Armour
 b - a scarf of repulsion (worn)
 k - a +0 buckler (worn)
 x - a +2 robe of cold resistance
 y - a +0 ring mail (worn)
 E - a +0 cloak
Magical Staves
 C - an uncursed staff of wizardry
Jewellery
 h - a ring of wizardry (right hand)
 i - an uncursed ring of see invisible {unknown}
 l - a ring of stealth (left hand)
 r - an amulet of regeneration (around neck)
 J - an uncursed ring of ice
 K - a +2 amulet of reflection {unknown}
Wands
 g - a wand of flame (28/48)
 p - a wand of random effects (16/48)
 D - a wand of paralysis (3/24)
Scrolls
 d - 5 scrolls of blinking
 o - 2 scrolls of teleportation
 q - a scroll of immolation
 H - a scroll of magic mapping
Potions
 a - a potion of mutation
 v - a potion of magic
 L - a potion of ambrosia
Books
 c - a book of Spatial Translocations

   Spells                             Type                      Level
   a - Blink                          Translocation                2
   b - Shroud of Golubria             Charms/Translocation         2
   c - Lesser Beckoning               Translocation                3
   d - Gell's Gravitas                Translocation                3
   e - Teleport Other                 Translocation                3
   f - Passage of Golubria            Translocation                4
 s - a book of Maledictions

   Spells                             Type                      Level
   a - Corona                         Hexes                        1
   b - Ensorcelled Hibernation        Hexes/Ice                    2
   c - Confuse                        Hexes                        3
   d - Tukima's Dance                 Hexes                        3
   e - Dazzling Spray                 Conjuration/Hexes            3


   Skills:
 + Level 6.0(4.1) Fighting
 * Level 8.4(6.3) Maces & Flails
 - Level 0.8(0.0) Throwing
 + Level 4.7(2.8) Armour
 + Level 5.3(3.4) Dodging
 - Level 4.0(2.1) Stealth
 + Level 4.4(2.5) Shields
 - Level 2.3(0.6) Spellcasting
 - Level 3.0(1.2) Translocations


You had one spell level left.
You knew the following spells:

 Your Spells              Type           Power        Failure   Level  Hunger
a - Blink                 Tloc           N/A          7%          2    ###....
b - Shroud of Golubria    Chrm/Tloc      #.........   9%          2    ###....
c - Teleport Other        Tloc           #.......     14%         3    ####...
d - Gell's Gravitas       Tloc           #.........   14%         3    ####...
e - Ensorcelled Hibernat  Hex/Ice        #.....       12%         2    ###....


Dungeon Overview and Level Annotations

Branches:
Dungeon (8/15)             Temple (1/1) D:4
   Lair: D:8-11

Altars:
Cheibriados
Dithmenos
Elyvilon
Gozag
Hepliaklqana
Kikubaaqudgha
Makhleb
Nemelex Xobeh
Okawaru
Qazlal
Ru
Sif Muna
Trog
Uskayaw
Vehumet
Xom
Yredelemnul
Zin
The Shining One


Innate Abilities, Weirdness & Mutations

You cannot wear boots.
Your serpentine skin is tough. (AC +3)
You have supernaturally acute eyesight. (SInv)
Armour fits poorly on your strangely shaped body.
Your system is resistant to poisons. (rPois)
You cover ground very slowly.
You have a slow metabolism.
You can exhale a cloud of poison.
You do not regenerate when monsters are visible.
Your muscles are strong. (Str +2)
Your spells are a little easier to cast, but a little less powerful.


Message History

The hornet barely misses you. The sky beast hits you. The sky beast shocks you.
You hit the sky beast.
Your weapon exudes an aura of protection.
The sky beast is moderately wounded.
The hornet completely misses you. The sky beast hits you.
The sky beast shocks you. The hornet stings you!
* * * LOW HITPOINT WARNING * * *
You feel yourself slow down.
You barely miss the hornet.
The hornet stings you but does no damage.
The sky beast hits you but does no damage.
The hornet stings you.
* * * LOW HITPOINT WARNING * * *
The sky beast barely misses you.
You closely miss the hornet.
You feel yourself speed up. The hornet stings you!
* * * LOW HITPOINT WARNING * * *
The hornet stings you!
You die...

.# # .. .#
.###.#
######.....
#.........
#.......#
#....Y..#
#...y@(.#
#....<..#
#.........>#
####...#.....
###.......
######.


You could see a hornet and a sky beast.

Vanquished Creatures
  Pikel (D:5)
  A hippogriff (D:6)
  Sigmund (D:2)
  Menkaure (D:6)
  A hungry ghost (D:5)
  Edmund (D:5)
  2 orc warriors (D:6)
  A phantom (D:7)
  A black bear (D:7)
  A necrophage (D:7)
  2 ogres
  2 centaurs (D:5)
  A bullfrog (D:6)
  3 scorpions
  A water moccasin skeleton (D:6)
  5 killer bees (D:7)
  7 wights (D:7)
  4 crimson imps
  2 hounds
  A bullfrog zombie (D:7)
  2 jellies (D:7)
  A bullfrog skeleton (D:4)
  7 orc priests
  Crazy Yiuf (D:5)
  Jessica (D:3)
  2 iguanas
  10 orc wizards
  5 worker ants
  2 hound skeletons
  A hound zombie (D:6)
  13 adders
  3 shadow imps
  An ooze (D:3)
  An adder zombie (D:6)
  2 adder skeletons
  A worm (D:4)
  A dart slug (D:2)
  4 leopard geckos
  25 orcs
  6 giant cockroaches
  8 hobgoblins
  5 jackals
  6 kobolds
  4 quokkas
  2 ball pythons
  4 bats
  5 frilled lizards
  8 goblins
  A goblin zombie (D:6)
  A jackal skeleton (D:5)
  A leopard gecko skeleton (D:6)
  A leopard gecko zombie (D:7)
  A quokka skeleton (D:6)
  A quokka zombie (D:6)
  A rat (D:1)
  3 plants
180 creatures vanquished.

Vanquished Creatures (others)
  A sky beast (D:5)
  2 slaves (D:5)
  A necrophage (D:5)
  A jelly (D:5)
  Ijyb (D:5)
  A worker ant (D:5)
  An orc (D:5)
  3 jackals (D:5)
11 creatures vanquished.

Grand Total: 191 creatures vanquished

Notes
Turn   | Place    | Note
-------+----------+-------------------------------------------
     0 | D:1      | zezblit the Naga Warper began the quest for the Orb.
     0 | D:1      | Reached XP level 1. HP: 19/19 MP: 3/3
    60 | D:2      | Reached XP level 2. HP: 10/26 MP: 5/5
   569 | D:1      | Reached skill level 1 in Armour
  1005 | D:1      | Reached XP level 3. HP: 29/32 MP: 6/6
  1609 | D:2      | Learned a level 2 spell: Blink
  1612 | D:2      | Learned a level 2 spell: Shroud of Golubria
  1995 | D:2      | Noticed Sigmund
  2019 | D:2      | Killed Sigmund
  2019 | D:2      | Reached skill level 1 in Shields
  2019 | D:2      | Reached XP level 4. HP: 34/40 MP: 4/7
  2019 | D:2      | Reached XP level 5. HP: 41/48 MP: 4/8
  2526 | D:2      | Reached skill level 3 in Maces & Flails
  2526 | D:2      | Reached XP level 6. HP: 39/56 MP: 9/9
  3083 | D:3      | Learned a level 3 spell: Teleport Other
  3194 | D:3      | Noticed Jessica
  3198 | D:3      | Killed Jessica
  3847 | D:3      | Found a shadowy altar of Dithmenos.
  3848 | D:3      | Found a glowing silver altar of Zin.
  3848 | D:3      | Found an opulent altar of Gozag.
  3849 | D:3      | Found a basalt altar of Yredelemnul.
  3927 | D:3      | Reached XP level 7. HP: 22/62 MP: 6/10
  4753 | D:4      | Reached skill level 4 in Maces & Flails
  4784 | D:4      | Found a staircase to the Ecumenical Temple.
  4790 | Temple   | Entered the Ecumenical Temple
  4877 | Temple   | Learned a level 3 spell: Gell's Gravitas
  4962 | Temple   | Became a worshipper of Cheibriados the Contemplative
  5406 | D:5      | Entered Level 5 of the Dungeon
  5418 | D:5      | Reached * piety under Cheibriados
  5939 | D:4      | Reached XP level 8. HP: 21/72 MP: 6/11
  6044 | D:5      | Noticed Pikel
  6072 | D:5      | Killed Pikel
  6072 | D:5      | Reached skill level 5 in Maces & Flails
  6169 | D:5      | Noticed Edmund
  6173 | D:5      | Killed Edmund
  6342 | D:5      | Reached ** piety under Cheibriados
  6342 | D:5      | Reached skill level 6 in Maces & Flails
  6426 | D:5      | Killed Ijyb
  6482 | D:5      | Reached XP level 9. HP: 74/79 MP: 12/12
  6815 | D:5      | Found a runed door.
  6819 | D:5      | Noticed Crazy Yiuf
  6823 | D:5      | Learned a level 2 spell: Ensorcelled Hibernation
  6828 | D:5      | Killed Crazy Yiuf
  6978 | D:6      | Noticed Menkaure
  7174 | D:6      | Reached skill level 5 in Fighting
  7446 | D:6      | Reached *** piety under Cheibriados
  7478 | D:6      | Reached skill level 7 in Maces & Flails
  7753 | D:6      | Killed Menkaure
  8339 | D:7      | Reached skill level 5 in Dodging
  8501 | D:7      | Found an iron altar of Okawaru.
  8612 | D:7      | Gained mutation: You do not regenerate when monsters are visible. [potion of mutation]
  8612 | D:7      | Gained mutation: Your spells are a little easier to cast, but a little less powerful. [potion of mutation]
  8612 | D:7      | Gained mutation: You can exhale a cloud of poison. [potion of mutation]
  8612 | D:7      | Gained mutation: Your muscles are strong. (Str +2) [potion of mutation]
  8931 | D:7      | Reached **** piety under Cheibriados
  9001 | D:7      | Reached skill level 8 in Maces & Flails
  9001 | D:7      | Reached XP level 10. HP: 88/91 MP: 11/13
  9332 | D:8      | Mangled by a hornet

Skill      XL: |  1  2  3  4  5  6  7  8  9 10 |
---------------+-------------------------------+-----
Armour         | 1 2 3 4 |  4.7
Dodging        | 2 3 4 5 |  5.3
Stealth        | 2 4 |  4.0
Shields        | 1 2 3 4 |  4.4
Fighting       | 3 4 5 6 |  6.0
Maces & Flails | 3 4 6 8 |  8.4
Throwing       | |  0.8
Spellcasting   | |  2.3
Translocations | |  3.0

Action                   |  1- 3 |  4- 6 |  7- 9 | 10-12 || total
-------------------------+-------+-------+-------+-------++-------
Melee: Mace              |    88 |    67 |   202 |       ||   357
       Flail             |       |    15 |   279 |    64 ||   358
       Whip              |       |       |     7 |       ||     7
 Fire: Hunting sling     |       |     1 |       |       ||     1
Throw: Tomahawk          |     5 |       |     1 |       ||     6
       Stone             |       |     1 |       |       ||     1
 Cast: Shroud of Golubri |     1 |     4 |    12 |     3 ||    20
       Blink             |       |     1 |     1 |       ||     2
       Gell's Gravitas   |       |       |     1 |       ||     1
       Ensorcelled Hiber |       |       |     2 |       ||     2
       Teleport Other    |       |       |     1 |       ||     1
 Abil: Spit Poison       |    31 |    41 |    64 |       ||   136
       Breathe Poison Ga |       |       |       |     7 ||     7
Evoke: Wand              |       |       |     2 |       ||     2
  Use: Scroll            |     1 |     5 |    13 |     1 ||    20
       Potion            |       |     3 |     4 |     1 ||     8
 Stab: Sleeping          |       |       |     1 |       ||     1
       Distracted        |       |       |       |     1 ||     1
  Eat: Chunk             |     2 |     3 |     5 |       ||    10
       Royal jelly       |     1 |       |     1 |       ||     2
       Bread ration      |       |     1 |     3 |       ||     4
       Fruit             |       |       |     1 |       ||     1
       Meat ration       |       |       |     1 |       ||     1
Armor: Leather armour    |     9 |    12 |       |       ||    21
       Chain mail        |       |    24 |       |       ||    24
       Ring mail         |       |     1 |   199 |    29 ||   229
Dodge: Dodged            |    34 |    46 |   262 |    61 ||   403
       Deflected         |       |       |     5 |       ||     5
Block: Buckler           |     6 |    21 |   103 |    23 ||   153
